AoeStats
← Infadel

Arabia

508575173Analyzed
1v1 RM · 10d ago on Sep 23, 2026· 42m 52s· 2 players
Game mode
Random Map
Map size
Tiny (2 player)
Population
200
Speed
Normal
Resources
Standard
Victory
Conquest
Starting age
Dark Age
Ending age
Imperial Age
RankedLock teamsTeams togetherTeam positionsShared explorationLock speedFull tech treeHidden civsTurbo modeCheats
Victory
Defeat
🇮🇳 Mongols · India
1113
+19
🇦🇷 Saxons · Argentina
1179
-19
Infadel
6:28 Loom
9:34 Feudal Age
10:16 Double-Bit Axe
20:15 Gold Mining
22:34 Castle Age
20:54 Bloodlines
21:57 Scale Barding Armor
22:03 Forging
23:42 Chain Barding Armor
27:36 Wheelbarrow
30:07 Town Watch
33:37 Hand Cart
35:40 Iron Casting
36:05 Gold Shaft Mining
36:29 Horse Collar
37:26 Stone Mining
37:52 Fletching
39:18 Stone Shaft Mining
39:50 Bodkin Arrow
44:23 Imperial Age
Jericho
8:12 Loom
10:32 Feudal Age
12:30 Stone Mining
17:44 Fletching
20:04 Castle Age
19:22 Double-Bit Axe
19:31 Town Watch
20:49 Bodkin Arrow
21:12 Guard Tower
23:38 Wheelbarrow
23:18 Bow Saw
23:35 Squires
38:11 Hand Cart
Connection lost

Rejoining the realm…

Still unreachable

The connection could not be restored.

Session expired

The server has moved on; the page needs a fresh start.